[Event "*** Titled Tuesday Blitz"]
[Site "Chess.com"]
[Date "2020.11.03"]
[Round "4"]
[White "Kobalia"]
[Black "GM_LOADING"]
[Result "1-0"]
[WhiteElo "2736"]
[BlackElo "2479"]
[TimeControl "180+1"]
[EndTime "10:41:33 PST"]
[Termination "Kobalia won by resignation"]

1. e4 e5 2. Nf3 Nc6 3. Bb5 g6 4.
c3 a6 5. Bc4 Bg7 6. d4 exd4 7.
cxd4 b5 8. Be2 Nge7 9. d5 Na5 10. Bd2 Nc4 11. Bc3 Bxc3+ 12. Nxc3 O-O 13. Bxc4 bxc4 14. Qd4 Rb8 15. O-O-O d6 16. h4 Bg4 17. h5 gxh5 18. Rd2 Ng6 19. Nd1 Bxf3 20. gxf3 Qg5 21. Ne3 Ne5 22.
Rdd1 Nxf3 23. Qxc4 Qe5 24. Qc2 Rb4 25. Nc4 Qf4+ 26.
Kb1 Rfb8 27. b3 a5 28. Qc3 f6 29. Nxa5 Qxe4+ 30. Ka1 Ne5 31. Rhg1+ Kf7 32. Qxc7+ 1-0

[Event "*** Titled Tuesday Blitz"]
[Site "Chess.com"]
[Date "2020.11.03"]
[Round "4"]
[White "Lady_Nika"]
[Black "Kildepiotr"]
[Result "0-1"]
[WhiteElo "2468"]
[BlackElo "2651"]
[TimeControl "180+1"]
[EndTime "10:41:33 PST"]
[Termination "Kildepiotr won by resignation"]

1. d4 c5 2. e3 Nf6 3. Bd3 d5 4. c3 Nc6 5. f4 Bg4 6. Nf3 e6 7. O-O Be7 8. Nbd2 c4 9. Bc2 b5 10.
Qe1 Bxf3 11. Rxf3 Qb6 12. e4 dxe4 13. Nxe4 Nxe4 14. Bxe4 O-O-O 15. Be3 Qc7 16. f5 e5 17. d5 Na5 18. b4 Nb7 19. a4 Nd6 20. Bc2 e4 21.
Rf2 Bf6 22. Bf4 Rhe8 23. axb5 Qb7 24. Qe2 Bxc3 25. Rc1 Bd4 26. Bxd6 Bxf2+ 27. Kxf2 Rxd6 28.
Qxc4+ Kb8 29. Bxe4 Rc8 30. Qxc8+ Qxc8 31. Rxc8+ Kxc8 32. Ke3 Kc7 33. Kd4 Kb6 34. Kc4 f6 35. g4 Rd8 36. Bd3 Rc8+ 37. Kd4 Kc7 38. h4 Kd6 39. g5 h6 40. gxf6 gxf6 41. h5 Rg8 42. Be2 Rg5 43. Ke4 Rg2 44. Kf3 Rh2 45. Ke3 Rh4 46. b6 axb6 47.
b5 Kxd5 48. Kf2 Ke5 49. Kg3 Rb4 0-1

[Event "*** Titled Tuesday Blitz"]
[Site "Chess.com"]
[Date "2020.11.03"]
[Round "4"]
[White "Xeniya2005"]
[Black "GMTalks_Youtube"]
[Result "1-0"]
[WhiteElo "2397"]
[BlackElo "2593"]
[TimeControl "180+1"]
[EndTime "10:41:33 PST"]
[Termination "Xeniya2005 won by resignation"]

1. e4 e5 2. Nf3 Nc6 3. Nc3 Nf6 4. Bb5 Bd6 5. d3 h6 6. a3 a6 7. Bc4 b5 8. Ba2 Bb7 9. Be3 Ne7 10. Qd2 c5 11. Ne2 Rc8 12. Ng3 Bb8 13. Nh4 g6 14. Nf3 Ng4 15. h3 Nxe3 16. fxe3 d5 17. exd5 Nxd5 18.
e4 Nf4 19. O-O c4 20. Rad1 O-O 21. Ne2 Qb6+ 22. Kh2 Kg7 23. Nxf4 exf4 24. Rfe1 Qe3 25. Qc3+ Kg8 26. Rxe3 fxe3+ 27. Kh1 cxd3 28. Qxd3 Rfe8 29. Qd7 1-0

[Event "*** Titled Tuesday Blitz"]
[Site "Chess.com"]
[Date "2020.11.03"]
[Round "4"]
[White "A-S-00"]
[Black "yourstrulyme"]
[Result "1-0"]
[WhiteElo "2314"]
[BlackElo "2442"]
[TimeControl "180+1"]
[EndTime "10:41:33 PST"]
[Termination "A-S-00 won by checkmate"]

1. d4 Nf6 2. Nf3 e6 3. c4 d5 4.
g3 Be7 5. Bg2 O-O 6. O-O dxc4 7.
Qc2 a6 8. a4 Bd7 9. Qxc4 Bc6 10. Rd1 a5 11. Qc2 Na6 12. Nc3 Nb4 13. Qb1 Qb8 14.
e4 b6 15. Bf4 Qb7 16. Ne5 Rfd8 17. Nxc6 Qxc6 18. d5 Qc4 19. Bf1 Qc5 20. Be3 Qd6 21. Bf4 Qd7 22. Bh3 Qc8 23. dxe6 fxe6 24. Rxd8+ Bxd8 25.
Qf1 Kf7 26. Qc4 h6 27. Rd1 g5 28. Be5 g4 29. Bxf6 Bxf6 30. Bxg4 c6 31. Rd6 Kg7 32. Bxe6 Qf8 33. Rd7+ Kh8 34. Rf7 Qd8 35. Bf5 Bxc3 36. Rh7# 1-0

[Event "*** Titled Tuesday Blitz"]
[Site "Chess.com"]
[Date "2020.11.03"]
[Round "4"]
[White "ElusiveCat"]
[Black "TurboSteen"]
[Result "1-0"]
[WhiteElo "2300"]
[BlackElo "2011"]
[TimeControl "180+1"]
[EndTime "10:41:33 PST"]
[Termination "ElusiveCat won on time"]

1. d4 Nf6 2. c4 e6 3. Nc3 Bb4 4. f3 c5 5. d5 O-O 6. e4 b5 7. Nh3 exd5 8. cxd5 d6 9. Nf2 c4 10. Be3 Nbd7 11. Be2 Bc5 12. Bxc5 Nxc5 13. Nxb5 Qb6 14.
Bxc4 a6 15. Nd4 Qxb2 16. O-O Bd7 17. Rb1 Qc3 18. Rc1 Qa5 19. Nb3 Nxb3 20. axb3 Bb5 21. Bxb5 Qxb5 22. Rc6 Ne8 23. Qd3 Rb8 24. Qxb5 Rxb5 25.
Rxa6 Rxb3 26. Rc1 f5 27. exf5 Rxf5 28. Ra8 Rf8 29. Ne4 Nf6 30. Nxf6+ gxf6 31. Ra7 Rd8 32.
Rcc7 Rd3 33. Rg7+ Kf8 34. Rxh7 Kg8 35. Rhg7+ Kh8 36. Rh7+ Kg8 37. Rag7+ Kf8 38. Rg6 1-0

[Event "*** Titled Tuesday Blitz"]
[Site "Chess.com"]
[Date "2020.11.03"]
[Round "4"]
[White "exoticprincess"]
[Black "Alexchess1984"]
[Result "1-0"]
[WhiteElo "2877"]
[BlackElo "2558"]
[TimeControl "180+1"]
[EndTime "10:41:34 PST"]
[Termination "exoticprincess won by resignation"]

1. e4 c5 2. Nc3 Nc6 3. g3 g6 4. Bg2 Bg7 5. d3 Rb8 6. a4 a6 7.
Nge2 b5 8. O-O Nf6 9. h3 O-O 10.
f4 b4 11. Nb1 Ne8 12. Nd2 Nc7 13. Kh1 d5 14. e5 f6 15. exf6 exf6 16. Nb3 Qd6 17.
f5 Bxf5 18. Rxf5 gxf5 19. Bf4 Ne5 20. d4 cxd4 21. Nexd4 Rfd8 22. Nxf5 Qf8 23. Nbd4 Rb6 24. a5 Rb7 25. Qf1 Kh8 26. b3 Qc5 27. Re1 Re8 28. g4 Ne6 29. Nxe6 Rxe6 30. g5 Qf8 31. Bxd5 Rbe7 32.
Bxe6 Rxe6 33. Bxe5 Rxe5 34. Rxe5 fxe5 35. Qf3 Qc8 36. Qe4 h6 37. h4 hxg5 38. hxg5 Qe8 39. Kg2 Qh5 40. Qh4 Qxh4 41. Nxh4 Bf8 42. Ng6+ Kg7 43.
Nxf8 Kxf8 1-0

[Event "*** Titled Tuesday Blitz"]
[Site "Chess.com"]
[Date "2020.11.03"]
[Round "4"]
[White "MatyChess1"]
[Black "Quiet_Desperation"]
[Result "1-0"]
[WhiteElo "2581"]
[BlackElo "1831"]
[TimeControl "180+1"]
[EndTime "10:41:36 PST"]
[Termination "MatyChess1 won by resignation"]

1. e4 e6 2. d4 d5 3. Nc3 Nf6 4. e5 Nfd7 5. Nce2 c5 6. c3 Nc6 7.
Nf3 Be7 8. h4 b6 9. Nf4 cxd4 10.
cxd4 Nf8 11. h5 h6 12. Bb5 Bd7 13. Be2 Rc8 14. a3 Na5 15. Rh3 Nh7 16. Bd3 Ng5 17. Rg3 Nc4 18. Nh3 Kf8 19. Nfxg5 hxg5 20. Nxg5 f5 21.
Nh3 Qc7 22. b3 Nxe5 23. dxe5 Qxe5+ 24. Be3 d4 25. Nf4 Kg8 26. Ng6 Qf6 27. Nxe7+ Qxe7 28. Bxd4 e5 29. Bb2 e4 30. Rxg7+ Qxg7 31. Bxg7 Kxg7 32. Bxe4 fxe4 33. Qxd7+ Kh6 34. Rd1 1-0

[Event "*** Titled Tuesday Blitz"]
[Site "Chess.com"]
[Date "2020.11.03"]
[Round "4"]
[White "vugarrasulov"]
[Black "Flopezin"]
[Result "1-0"]
[WhiteElo "2847"]
[BlackElo "2356"]
[TimeControl "180+1"]
[EndTime "10:41:36 PST"]
[Termination "vugarrasulov won on time"]

1. b4 e5 2. Bb2 Bxb4 3. Bxe5 Nf6 4. Nf3 d5 5. e3 Bd6 6. Bb2 O-O 7. d4 Bf5 8. Bd3 Be4 9. O-O Nbd7 10. c4 c6 11. Nc3 Bxd3 12. Qxd3 dxc4 13. Qxc4 Qe7 14. Qb3 b6 15.
Rfe1 Ne4 16. Nxe4 Qxe4 17. a4 c5 18. Rac1 Rac8 19. a5 Be7 20. axb6 axb6 21. dxc5 Nxc5 22. Qc4 Qxc4 23. Rxc4 Nd3 24. Re4 Nxe1 25. Nxe1 Rfe8 26. Kf1 Bf6 27. Rb4 Bxb2 28. Rxb2 Rc6 29. Ke2 Rb8 30.
Nd3 b5 31. e4 f6 32. Ke3 Kf7 33.
Nb4 Rc3+ 34. Kd2 Rc4 35. f3 Rd8+ 36. Ke3 Rc3+ 37. Ke2 Rdc8 38. Kd2 Rc1 39. Nd5 Rg1 40. Ke3 Rcc1 41. g4 Rce1+ 42. Kd4 Ref1 43. f4 Rxg4 44. Rxb5 Rd1+ 45. Kc5 Rg2 46. Rb7+ Kf8 47. Kd6 Re2 48. Rb8+ Kf7 49. Rb7+ Kf8 50. Rb4 h5 51. e5 fxe5 52. fxe5 Red2 53. Rb8+ Kf7 54. e6+ Kg6 55. Rb5 Rxh2 56.
Ke7 Rxd5 57. Rxd5 Re2 58. Rd1 h4 59. Rg1+ Kh6 60. Kf7 g5 61. e7 Kh5 62. Kf6 g4 63. Rc1 h3 64. Rc5+ Kh4 65. Re5 Rf2+ 66. Kg6 h2 67. e8=Q h1=Q 68. Rh5+ Kg3 69. Rxh1 1-0

[Event "*** Titled Tuesday Blitz"]
[Site "Chess.com"]
[Date "2020.11.03"]
[Round "4"]
[White "sopo-tereladze"]
[Black "Alindsay211"]
[Result "0-1"]
[WhiteElo "2304"]
[BlackElo "2463"]
[TimeControl "180+1"]
[EndTime "10:41:36 PST"]
[Termination "Alindsay211 won by resignation"]

1. e4 c5 2. Nf3 d6 3. d4 cxd4 4.
Qxd4 Nc6 5. Bb5 Bd7 6. Bxc6 Bxc6 7.
Nc3 Nf6 8. Bg5 e6 9. O-O-O Be7 10. Kb1 h6 11. Bh4 O-O 12. Rhe1 b5 13. e5 dxe5 14.
Qxe5 Qb6 15. Nd4 b4 16. Nxc6 Qxc6 17. Ne4 Nd7 18. Qg3 Bxh4 19. Qxh4 Rac8 20. Rc1 Ne5 21. Qg3 Nc4 22. Qf4 Rfd8 23. g4 Rd5 24. g5 Qa4 25. gxh6 Ra5 26. a3 Nxa3+ 27. bxa3 Qxa3 28. Nf6+ gxf6 29. Rg1+ Kh7 30. Qe4+ Kh8 0-1

[Event "*** Titled Tuesday Blitz"]
[Site "Chess.com"]
[Date "2020.11.03"]
[Round "4"]
[White "Fischerev7"]
[Black "Eloist"]
[Result "0-1"]
[WhiteElo "2409"]
[BlackElo "2275"]
[TimeControl "180+1"]
[EndTime "10:41:36 PST"]
[Termination "Eloist won on time"]

1. e4 e6 2. d4 d5 3. Nc3 Nf6 4. Bg5 dxe4 5. Nxe4 Be7 6. Bxf6 gxf6 7. g3 f5 8. Nc3 Bf6 9. Nge2 Nc6 10. Qd3 Nxd4 11.
O-O-O c5 12. Bg2 O-O 13. Kb1 Qb6 14. Nf4 Bd7 15. Nh5 Bh8 16. Qe3 Rfd8 17. Qg5+ Kf8 18. Qh6+ Ke7 19. Qxh7 Ne2 20. Rd3 Nxc3+ 21. Kc1 Nxa2+ 22.
Kd2 Qb4+ 23. Ke2 Bb5 24. Re1 Bxd3+ 25. cxd3 Qxb2+ 26. Kf1 Bc3 27. Rd1 Rh8 0-1

[Event "*** Titled Tuesday Blitz"]
[Site "Chess.com"]
[Date "2020.11.03"]
[Round "4"]
[White "DonPreuss"]
[Black "geordie_derraugh"]
[Result "1-0"]
[WhiteElo "2233"]
[BlackElo "2413"]
[TimeControl "180+1"]
[EndTime "10:41:36 PST"]
[Termination "DonPreuss won by resignation"]

1. d4 Nf6 2. Nc3 d5 3. e4 dxe4 4. f3 exf3 5. Nxf3 g6 6. Bd3 Bg7 7. O-O O-O 8. Qe1 Nc6 9. Qh4 Nd5 10. Bh6 e6 11. Ng5 Bxd4+ 12. Kh1 Bf6 13. Nce4 Re8 14. Bg7 Bxg5 15. Nxg5 h5 16. Rxf7 Nce7 17. Bxg6 Nxg6 18. Qxh5 Qxg5 19. Qxg5 Kxf7 20. Bh6 Rg8 21. Rf1+ Ke8 22. h4 Bd7 23. c4 Nde7 24. h5 Nh8 25. Qf6 Kd8 26. Bf8 Rxf8 27. Qxf8+ Be8 28. Qxh8 Kd7 29. Rf8 Rd8 30. g4 Kd6 31. g5 e5 32. Rxe8 Rxe8 33.
Qxe8 Ke6 34. g6 Kf6 35. g7 Kg5 1-0

[Event "*** Titled Tuesday Blitz"]
[Site "Chess.com"]
[Date "2020.11.03"]
[Round "4"]
[White "olksuna"]
[Black "zmeeed67"]
[Result "1-0"]
[WhiteElo "2608"]
[BlackElo "2348"]
[TimeControl "180+1"]
[EndTime "10:41:38 PST"]
[Termination "olksuna won by resignation"]

1. e4 Nc6 2. Nf3 d6 3. d4 Nf6 4. Nc3 Bg4 5. Be2 e5 6. d5 Ne7 7. O-O Ng6 8. h3 Bd7 9. Nd2 Be7 10. Re1 O-O 11. Bf1 Qc8 12. a4 a6 13. a5 h6 14. Nc4 Nh7 15. Ne3 Bg5 16. Ra3 Nf4 17.
Kh2 g6 18. Bd2 Rb8 19. Ng4 h5 20. Ne3 Kg7 21. Ne2 Nf6 22. Nc3 Bh6 23. Bc1 Rh8 24. b4 Bg5 25. Rb3 h4 26. Bd2 N6h5 27. Bc1 Qe8 28.
b5 axb5 29. Bxb5 Bxb5 30. Nxb5 Qd7 31. Qg4 Qe7 32. Rc3 Rbc8 33. Ba3 Bh6 34. Bxd6 cxd6 35. Rxc8 Nf6 36. Nf5+ Kh7 37. Nxe7 Nxg4+ 38. hxg4 Rxc8 39.
Nxc8 Bg5 40. Ncxd6 1-0

[Event "*** Titled Tuesday Blitz"]
[Site "Chess.com"]
[Date "2020.11.03"]
[Round "4"]
[White "CM_rui"]
[Black "Klavdia_Nik"]
[Result "1/2-1/2"]
[WhiteElo "2374"]
[BlackElo "2090"]
[TimeControl "180+1"]
[EndTime "10:41:38 PST"]
[Termination "Game drawn by repetition"]

1. e4 e6 2. d4 d5 3. Nc3 dxe4 4. Nxe4 Bd7 5. Nf3 Bc6 6. Bd3 Nd7 7. O-O Ngf6 8. Bg5 Be7 9. Nxf6+ Bxf6 10. Bf4 Bxf3 11. Qxf3 c6 12. Bd6 Bxd4 13. Rfe1 Qf6 14. Qg3 O-O-O 15.
c3 Bb6 16. b4 h5 17. b5 h4 18. Qg4 Bxf2+ 19. Kh1 Bxe1 20. bxc6 Qxc3 21. Be4 bxc6 22.
Rb1 Nf6 23. Qf4 Bg3 24. Rb8+ Kd7 25. Rb7+ Ke8 26. Re7+ Kf8 27. Rd7+ Ke8 28. Re7+ Kf8 29. Rd7+ Ke8 30. Re7+ 1/2-1/2

[Event "*** Titled Tuesday Blitz"]
[Site "Chess.com"]
[Date "2020.11.03"]
[Round "4"]
[White "oneshot007"]
[Black "fcliverpul"]
[Result "0-1"]
[WhiteElo "2196"]
[BlackElo "2374"]
[TimeControl "180+1"]
[EndTime "10:41:38 PST"]
[Termination "fcliverpul won on time"]

1. e4 c5 2. Nf3 Nc6 3. Nc3 e5 4. Bc4 g6 5. d3 h6 6. Nd5 Bg7 7. Be3 d6 8. Qd2 Nf6 9. h3 Be6 10. c3 Bxd5 11. exd5 Ne7 12. Bb5+ Nd7 13. c4 a6 14. Ba4 Rb8 15. Bxd7+ Qxd7 16. Rb1 b5 17. O-O f5 18. Qa5 Qb7 19. b4 cxb4 20. Qxb4 Qd7 21. Qa5 O-O 22. Qxa6 b4 23. Qa5 Ra8 24. Qxb4 Rxa2 25.
Qb5 Qc8 26. d4 e4 27. Ne1 f4 28. Bc1 Bxd4 29. Qb3 Qa6 30. Nc2 Bc5 31. Bb2 Qa5 32. Ra1 Rxa1 33. Rxa1 Qd2 34. Bc3 Qxf2+ 35. Kh1 f3 0-1

[Event "*** Titled Tuesday Blitz"]
[Site "Chess.com"]
[Date "2020.11.03"]
[Round "4"]
[White "SanchezKelvin"]
[Black "Sviridov_Valery"]
[Result "1-0"]
[WhiteElo "2423"]
[BlackElo "2716"]
[TimeControl "180+1"]
[EndTime "10:41:40 PST"]
[Termination "SanchezKelvin won by checkmate"]

1. d4 g6 2. c4 Bg7 3. Nf3 d6 4. Nc3 e5 5. Bg5 f6 6. Bh4 Nc6 7. d5 Nce7 8. e4 Nh6 9. Be2 O-O 10. Qc2 Nf7 11. O-O-O h5 12. h3 g5 13. Bg3 Ng6 14.
Nd2 h4 15. Bh2 Nf4 16. Bf3 c5 17. Nf1 a6 18. Kb1 b5 19. Ne3 Bd7 20. Bg4 Nh6 21. Bxf4 exf4 22. Nf5 bxc4 23. Nxh6+ Bxh6 24. f3 Bb5 25.
Be6+ Kh8 26. Bf5 Rb8 27. Ka1 Rf7 28. Rb1 Rfb7 29. Ne2 Qa5 30. Qc3 Qd8 31. Rhc1 Bg7 32. Qc2 Qa5 33. Qc3 Qd8 34. Qc2 Bf8 35. Qc3 Be7 36.
Qe1 Qf8 37. Nxf4 Kg8 38. Ne6 Qe8 39. g3 hxg3 40. Qxg3 Ba4 41. Rc3 Bb3 42. f4 Qa4 43. a3 Bc2 44. fxg5 Bxb1 45. gxf6+ Kh8 46. Qg7# 1-0

[Event "*** Titled Tuesday Blitz"]
[Site "Chess.com"]
[Date "2020.11.03"]
[Round "4"]
[White "Akhayan"]
[Black "guillembaches"]
[Result "0-1"]
[WhiteElo "2266"]
[BlackElo "2390"]
[TimeControl "180+1"]
[EndTime "10:41:40 PST"]
[Termination "guillembaches won by resignation"]

1. d4 d5 2. Nf3 Nc6 3. g3 Bf5 4. Bg2 Nb4 5. Na3 e6 6. O-O Nf6 7. c3 Na6 8. Nc2 c6 9. Ne3 Be4 10. Ne5 Bxg2 11. Nxg2 Be7 12. Qd3 O-O 13. Bg5 h6 14.
Bxf6 Bxf6 15. e4 c5 16. exd5 cxd4 17. cxd4 Qxd5 18. Nf4 Qd6 19. Rfe1 Rfd8 20. Qb3 Qb4 21. Qf3 Rxd4 22. Nxf7 Kxf7 23. Qh5+ Kg8 24. Nxe6 Re4 25.
Rxe4 Qxe4 26. Nf4 Rd8 27. Rc1 Kh7 28. Qg4 Nb4 29. h4 Nd3 30. Rd1 Nxf4 31. gxf4 Rxd1+ 32. Qxd1 Qxf4 33. Qd3+ g6 34. h5 Qg5+ 0-1

[Event "*** Titled Tuesday Blitz"]
[Site "Chess.com"]
[Date "2020.11.03"]
[Round "4"]
[White "annacramling"]
[Black "politeplayer"]
[Result "0-1"]
[WhiteElo "1965"]
[BlackElo "2246"]
[TimeControl "180+1"]
[EndTime "10:41:40 PST"]
[Termination "politeplayer won by resignation"]

1. Nf3 Nf6 2. b3 a5 3. a4 g6 4. Bb2 Bg7 5. d3 O-O 6. e4 d6 7. Nbd2 Nc6 8. d4 e5 9. dxe5 dxe5 10. Bb5 Nd4 11. Nxd4 exd4 12. O-O c6 13. Bd3 Qc7 14. Bxd4 Ng4 15. e5 c5 16. Bb2 Nxe5 17.
Bxe5 Bxe5 18. Nf3 Bxa1 19. Qxa1 Re8 20. Ng5 Bf5 21. Bxf5 gxf5 22. Qf6 Ra6 23. Qxf5 Rg6 24. h4 h6 25. Ne4 Qc6 26. Ng3 b6 27. h5 Rg5 28.
Qf4 Qe6 29. Rd1 Qe5 30. Qf3 Qe7 31. Nf5 Qf6 32. Qd5 Rxf5 33. Qd6 Re1+ 0-1

[Event "*** Titled Tuesday Blitz"]
[Site "Chess.com"]
[Date "2020.11.03"]
[Round "4"]
[White "jaskol95"]
[Black "Orest_Vovk"]
[Result "1-0"]
[WhiteElo "2323"]
[BlackElo "2448"]
[TimeControl "180+1"]
[EndTime "10:41:42 PST"]
[Termination "jaskol95 won by checkmate"]

1. d4 e5 2. dxe5 Nc6 3. Nf3 Qe7 4. Nc3 Nxe5 5. e4 Nf6 6. Be2 d6 7. Bg5 c6 8. O-O g6 9. Nd4 Bg7 10. f4 Ned7 11. Bf3 O-O 12. Qd2 Nc5 13. Rae1 Qc7 14. h3 Ne6 15. Nxe6 fxe6 16. e5 Nd5 17. exd6 Qxd6 18.
Ne4 Qb4 19. c3 Qb6+ 20. Kh1 e5 21. fxe5 Bxe5 22. Bh6 Re8 23. Nd6 Bf5 24. Bxd5+ cxd5 25. Qxd5+ Re6 26. Nxf5 gxf5 27. Rxe5 Re8 28. Rexf5 Qd8 29. Qxd8 Rxd8 30. Rf8+ Rxf8 31. Rxf8# 1-0

[Event "*** Titled Tuesday Blitz"]
[Site "Chess.com"]
[Date "2020.11.03"]
[Round "4"]
[White "anon481216"]
[Black "HanSchut"]
[Result "1-0"]
[WhiteElo "2384"]
[BlackElo "2200"]
[TimeControl "180+1"]
[EndTime "10:41:42 PST"]
[Termination "anon481216 won on time"]

1. d4 Nf6 2. c4 g6 3. Nc3 d5 4. Bg5 Ne4 5. Bh4 Nxc3 6. bxc3 dxc4 7. e3 Be6 8. Nf3 Nd7 9. Ng5 Bd5 10. e4 h6 11.
exd5 hxg5 12. Bxg5 Nb6 13. Bxc4 Nxd5 14. Qb3 c6 15. Qxb7 Rc8 16. Qb3 Qd6 17. h4 Bg7 18.
Kf1 O-O 19. Re1 e6 20. h5 f6 21. Bd2 g5 22. h6 Bh8 23. h7+ Kf7 24. Qc2 Bg7 25.
Bd3 c5 26. Bg6+ Ke7 27. Bf5 cxd4 28. Rxe6+ Qxe6 29. Bxe6 Kxe6 30. Qe4+ Kd6 31. cxd4 Rfe8 32. Qd3 Rc7 33. g3 Rec8 34. Kg2 Rc4 35. Qa3+ Ke6 36. Re1+ Kf7 37. Qxa7+ R8c7 38. Qa6 Kg6 39. Qa8 Ne7 40. h8=Q Bxh8 41. Qxh8 Nf5 42. Rh1 Nxd4 43. Qh5+ Kf5 44.
Re1 1-0

[Event "*** Titled Tuesday Blitz"]
[Site "Chess.com"]
[Date "2020.11.03"]
[Round "4"]
[White "Legendinunknown"]
[Black "OldweakGM"]
[Result "0-1"]
[WhiteElo "2664"]
[BlackElo "2886"]
[TimeControl "180+1"]
[EndTime "10:41:43 PST"]
[Termination "OldweakGM won by resignation"]

1. d4 d5 2. c4 c6 3. Nf3 Nf6 4. Nc3 dxc4 5. a4 Bf5 6. Ne5 Nbd7 7. Nxc4 Qc7 8. g3 e5 9. dxe5 Nxe5 10. Bf4 Nfd7 11. Bg2 f6 12. a5 a6 13. Qb3 Be6 14.
Ra4 Nc5 15. Qc2 Nxa4 16. Bxe5 fxe5 17. Qxa4 Bc5 18. O-O O-O 19. Ne4 Be7 20. Nb6 Rad8 21. Qc2 Kh8 22. Nc5 Bf5 23. Qc3 h6 24. b4 Rd4 25. e3 Rdd8 26. h4 Bxc5 27. bxc5 Bd3 28. Rd1 e4 29. Rd2 Qf7 30. Kh2 Bb5 31. Rb2 Rfe8 32. Qb4 Bd3 33. Na4 Re5 34. Qxb7 Qxb7 35. Rxb7 Rf8 36. Kg1 Ref5 37. Rb2 Bb5 38. Nc3 Rxc5 39.
Nxe4 Rc1+ 40. Kh2 Ra1 41. Rd2 Rxa5 42. Rd7 Bc4 43. Nd6 Rxf2 44. Nxc4 Raa2 45. Kh3 Rxg2 46.
Rd6 h5 0-1

[Event "*** Titled Tuesday Blitz"]
[Site "Chess.com"]
[Date "2020.11.03"]
[Round "4"]
[White "Nuvas"]
[Black "GMG"]
[Result "1-0"]
[WhiteElo "2291"]
[BlackElo "2704"]
[TimeControl "180+1"]
[EndTime "10:41:43 PST"]
[Termination "Nuvas won by resignation"]

1. d4 d5 2. c4 e6 3. Nc3 c6 4. e4 dxe4 5. Nxe4 Bb4+ 6. Nc3 c5 7. a3 Ba5 8. Be3 Nf6 9. Nf3 O-O 10. Be2 Ne4 11.
Qc2 Nxc3 12. bxc3 cxd4 13. Nxd4 e5 14. Nb3 Bc7 15. Rd1 Qf6 16. Bf3 Nc6 17. Be4 h6 18.
O-O Bg4 19. f3 Be6 20. Nc5 Bb6 21. Qf2 Bxc5 22. Bxc5 Rfd8 23. Bd5 Na5 24. Bxa7 Nxc4 25. Bxe6 Qxe6 26. Bc5 Rd5 27. Bb4 Rad8 28. Qe2 Qb6+ 29. Kh1 Qc6 30. a4 Rxd1 31. Rxd1 Rxd1+ 32. Qxd1 Qxa4 33. Qxa4 Ne3 34. Qa8+ 1-0

[Event "*** Titled Tuesday Blitz"]
[Site "Chess.com"]
[Date "2020.11.03"]
[Round "4"]
[White "ftorodent"]
[Black "Pilopa"]
[Result "1-0"]
[WhiteElo "2667"]
[BlackElo "2476"]
[TimeControl "180+1"]
[EndTime "10:41:43 PST"]
[Termination "ftorodent won on time"]

1. d4 Nf6 2. c4 c5 3. d5 b5 4. cxb5 a6 5. bxa6 g6 6. Nc3 Bg7 7. e4 O-O 8. Be2 Qa5 9. Bd2 d6 10. Nf3 Bxa6 11. O-O Qb4 12. Bxa6 Nxa6 13. Qc2 Qc4 14.
b3 Nb4 15. Qb1 Qd3 16. Qxd3 Nxd3 17. Rab1 Rfb8 18. Ne1 Nb4 19. a4 Nd7 20. Nb5 Na6 21. Nc2 c4 22. b4 Nb6 23. a5 Nxd5 24. Nxd6 c3 25. exd5 cxd2 26. Ne4 Rb5 27. Nxd2 Rxd5 28. Nc4 Rb8 29. Nb6 Rd2 30. Ne3 Bd4 31. Nec4 Rc2 32. b5 1-0

[Event "*** Titled Tuesday Blitz"]
[Site "Chess.com"]
[Date "2020.11.03"]
[Round "4"]
[White "VinzentSpitzl"]
[Black "SamuelGhimpu2003"]
[Result "0-1"]
[WhiteElo "2329"]
[BlackElo "2541"]
[TimeControl "180+1"]
[EndTime "10:41:44 PST"]
[Termination "SamuelGhimpu2003 won by resignation"]

1. e4 e6 2. d4 d5 3. Bd3 dxe4 4.
Bxe4 Nf6 5. Bf3 c5 6. Ne2 Nc6 7. Be3 Nd5 8. c4 Nxe3 9. fxe3 g6 10. O-O Bg7 11. Bxc6+ bxc6 12. Nbc3 O-O 13. Qd3 Rb8 14. b3 Qa5 15. Rad1 cxd4 16. exd4 c5 17. Ne4 cxd4 18.
Nxd4 Qxa2 19. Nf6+ Bxf6 20. Rxf6 e5 21. Nc6 Rxb3 22.
Qd6 Rb1 23. Nxe5 Be6 24. Rxb1 Qxb1+ 25. Kf2 Qc2+ 26. Kg3 Bxc4 27. Nxc4 Qxc4 28. Qa6 Qc3+ 29. Kf2 Rd8 30. Rf3 Rd2+ 31. Kg3 Qe5+ 32. Kh3 Qh5+ 33.
Kg3 Qg5+ 34. Kh3 Qxg2+ 0-1

[Event "*** Titled Tuesday Blitz"]
[Site "Chess.com"]
[Date "2020.11.03"]
[Round "4"]
[White "TregubovP"]
[Black "VitaliyBernadskiy"]
[Result "0-1"]
[WhiteElo "2534"]
[BlackElo "2761"]
[TimeControl "180+1"]
[EndTime "10:41:45 PST"]
[Termination "VitaliyBernadskiy won on time"]

1. e4 d6 2. d4 Nf6 3. Nc3 g6 4. Nf3 Bg7 5. Be2 O-O 6. O-O c6 7. Re1 Nbd7 8. Bf1 e5 9. a4 Qe7 10. a5 Rd8 11. d5 a6 12. Be3 cxd5 13. exd5 Qf8 14. Nd2 h5 15. Nde4 Re8 16. f3 Nxe4 17.
Nxe4 Nf6 18. c4 Nxe4 19. fxe4 f5 20. c5 fxe4 21. Qb3 dxc5 22. Rac1 Bh6 23. Bxh6 Qxh6 24. Rxc5 Bf5 25. Rc7 Rad8 26. Rxb7 Kh8 27. Bxa6 Qd2 28.
Rd1 Qxa5 29. Bf1 Qc5+ 30. Kh1 e3 31. Rb5 Qa7 32. d6 Bg4 33. Re1 e2 0-1

[Event "*** Titled Tuesday Blitz"]
[Site "Chess.com"]
[Date "2020.11.03"]
[Round "4"]
[White "Brave_spirit12"]
[Black "lacafi"]
[Result "1-0"]
[WhiteElo "2497"]
[BlackElo "2095"]
[TimeControl "180+1"]
[EndTime "10:41:45 PST"]
[Termination "Brave_spirit12 won on time"]

1. e4 c6 2. Nc3 d5 3. Nf3 dxe4 4. Nxe4 Nf6 5. Qe2 e6 6. d4 Nxe4 7. Qxe4 Nd7 8. Bg5 Qa5+ 9. Bd2 Qb6 10. O-O-O Nf6 11.
Qe3 Be7 12. Bd3 O-O 13. g4 c5 14. g5 Nd5 15. Qe4 g6 16. h4 cxd4 17. h5 Nc3 18.
Bxc3 dxc3 19. Rdg1 Qxb2+ 20. Kd1 Qb4 21. hxg6 fxg6 22. Nd4 Rxf2 23. Ke1 Rd2 24. Nb3 Qxe4+ 25. Bxe4 Rd8 26. Rh3 Bd7 27. Rgh1 Bf8 28. Rxh7 Bg7 29. Bxg6 Bc6 30. R1h3 Rd5 31. R7h5 1-0

[Event "*** Titled Tuesday Blitz"]
[Site "Chess.com"]
[Date "2020.11.03"]
[Round "4"]
[White "keshka01"]
[Black "Nara_Kh"]
[Result "1-0"]
[WhiteElo "2565"]
[BlackElo "2335"]
[TimeControl "180+1"]
[EndTime "10:41:45 PST"]
[Termination "keshka01 won by checkmate"]

1. Nf3 d5 2. b3 Nf6 3. Bb2 g6 4. c4 c6 5. e3 Bg7 6. Nc3 O-O 7. Rc1 Bf5 8. d4 a5 9. Bd3 Bxd3 10. Qxd3 Na6 11.
O-O Nb4 12. Qe2 Ne4 13. a3 Nxc3 14. Bxc3 Na6 15. cxd5 cxd5 16. Qb5 Qd6 17. Qxa5 Rfc8 18. Bb2 Nc7 19. Qc5 Qa6 20. Qxe7 Ne6 21. h3 Bf8 22.
Qf6 Bg7 23. Qh4 Qe2 24. Bc3 Rxa3 25. Bb4 Raa8 26. Rxc8+ Rxc8 27. Bd6 Qc2 28. b4 Qb2 29. Ne5 Qb3 30. Ng4 Re8 31. Nf6+ Bxf6 32. Qxf6 Qc4 33. Be5 Qc7 34. Qh8# 1-0

[Event "*** Titled Tuesday Blitz"]
[Site "Chess.com"]
[Date "2020.11.03"]
[Round "4"]
[White "kflorian98"]
[Black "Crazy_girl99"]
[Result "1-0"]
[WhiteElo "2760"]
[BlackElo "2517"]
[TimeControl "180+1"]
[EndTime "10:41:46 PST"]
[Termination "kflorian98 won by resignation"]

1. Nf3 Nf6 2. b4 g6 3. Bb2 Bg7 4. c4 O-O 5. e3 c6 6. Qb3 d5 7. Nc3 e6 8. a4 a6 9. a5 Nbd7 10. Rc1 Re8 11. Be2 Qe7 12. O-O h6 13. Na4 Kh7 14. h3 e5 15. cxd5 Nxd5 16. Nc5 Nxc5 17. Rxc5 Be6 18. Bxe5 Bxe5 19. Nxe5 Qg5 20. Nf3 Qf6 21.
Qb1 Rad8 22. Qa1 Qxa1 23. Rxa1 Nxb4 24. Rb1 Nd5 25. Rxb7 Rb8 26. Rxb8 Rxb8 27. Rxc6 Rb1+ 28. Kh2 Nb4 29. Rb6 Bf5 30. Nd4 Be4 31. f3 Bd5 32.
Nc2 Nxc2 33. Rxb1 Na3 34. Rb6 Nc4 35. Bxc4 Bxc4 36. g4 Kg7 37. Kg3 Kf8 38. h4 Ke7 39.
h5 gxh5 40. gxh5 f6 41. Kf4 1-0